General information
- name: BNet
- type: Ladder team game (AT/RT)
- host: Battle.net
- saver: ByeBye.FcukBnet
map: Goldshire
- players: 4
- length: 17:02
- speed: Fast
- version: 1.24 W3XP
- replay type: Public
» download(82 KB)
Players
team 1 (loser)

»
t0bi.TobSeN (
orange | 51 APM | 699 actions | 13:48)
3 Blademaster
1 Wind Walk
2 Critical Strike
» actions
| Assign group hotkey | 5 | |
| Build / train | 32 | |
| Enter build submenu | 17 | |
| Enter hero's abilities submenu | 3 | |
| Right click | 282 | |
| Select / deselect | 132 | |
| Select group hotkey | 188 | |
| Use ability | 40 | |
699 total
» units
| Peon | 12 | |
| Grunt | 5 | |
| Shaman | 2 | |
| Tauren | 2 | |
21 total
» upgrades
» buildings
| Altar of Storms | 2 | |
| Orc Burrow | 4 | |
| Voodoo Lounge | 1 | |
| Barracks | 1 | |
| Stronghold | 1 | |
| War Mill | 1 | |
| Spirit Lodge | 1 | |
| Fortress | 1 | |
| Watch Tower | 3 | |
| Tauren Totem | 2 | |
17 total
» build order
00:08 Altar of Storms
00:18 Orc Burrow
00:33 Voodoo Lounge
01:18 Barracks
01:51 Orc Burrow
03:30 Stronghold
04:39 Orc Burrow
05:40 War Mill
05:56 Spirit Lodge
05:57 Fortress
08:02 Watch Tower
08:53 Watch Tower
09:29 Tauren Totem
09:43 Watch Tower
10:52 Orc Burrow
13:02 Altar of Storms
13:06 Tauren Totem
» items
| Lesser Clarity Potion | 1 | |
| Healing Salve | 1 | |
| Potion of Healing | 1 | |
3 total

»
flameseecer (
green | 74 APM | 1028 actions | 13:52)
3 Mountain King
2 Storm Bolt
1 Bash
» actions
| Basic commands | 1 | |
| Build / train | 47 | |
| Enter build submenu | 16 | |
| Enter hero's abilities submenu | 3 | |
| Right click | 680 | |
| Select / deselect | 233 | |
| Use ability | 48 | |
1028 total
» units
| Peasant | 10 | |
| Footman | 5 | |
| Rifleman | 6 | |
21 total
» upgrades
| Long Rifles | 1 | |
| Priest Training | 1 | |
| Sorceress Training | 1 | |
3 total
» buildings
| Altar of Kings | 1 | |
| Barracks | 1 | |
| Farm | 6 | |
| Scout Tower | 2 | |
| Arcane Vault | 1 | |
| Arcane Tower | 1 | |
| Lumber Mill | 1 | |
| Blacksmith | 1 | |
| Keep | 1 | |
| Castle | 1 | |
| Arcane Sanctum | 1 | |
| Workshop | 1 | |
| Guard Tower | 1 | |
19 total
» build order
00:13 Altar of Kings
00:20 Barracks
00:32 Farm
01:10 Farm
01:42 Scout Tower
01:53 Arcane Vault
02:10 Arcane Tower
02:24 Lumber Mill
03:15 Farm
03:18 Blacksmith
04:34 Keep
05:45 Farm
05:47 Scout Tower
07:53 Castle
07:59 Arcane Sanctum
08:04 Workshop
08:12 Farm
10:48 Farm
10:50 Guard Tower
» items
| Scroll of Regeneration | 4 | |
| Lesser Clarity Potion | 5 | |
| Potion of Healing | 3 | |
| Potion of Mana | 1 | |
| Orb of Lightning | 1 | |
| Scroll of Town Portal | 1 | |
15 total
team 2 (winner)
ByeBye.FcukBnet (
purple | 83 APM | 1407 actions | 17:02)
4 Demon Hunter
2 Mana Burn
2 Evasion
2 Keeper of the Grove
1 Entangling Roots
1 Force of Nature
» actions
| Assign group hotkey | 26 | |
| Basic commands | 72 | |
| Build / train | 69 | |
| Enter build submenu | 13 | |
| Enter hero's abilities submenu | 6 | |
| Remove unit from queue | 3 | |
| Right click | 636 | |
| Select / deselect | 237 | |
| Select group hotkey | 278 | |
| Use ability | 67 | |
1407 total
» units
| Wisp | 20 | |
| Huntress | 10 | |
| Druid of the Claw | 3 | |
33 total
» upgrades
| Ultravision | 1 | |
| Druid of the Claw Training | 2 | |
| Mark of the Claw | 1 | |
4 total
» buildings
| Ancient of War | 2 | |
| Altar of Elders | 1 | |
| Moon Well | 5 | |
| Hunter's Hall | 1 | |
| Ancient of Wonders | 1 | |
| Tree of Ages | 3 | |
| Tree of Eternity | 2 | |
| Ancient of Lore | 3 | |
18 total
» build order
00:16 Ancient of War
00:23 Altar of Elders
00:33 Moon Well
01:48 Hunter's Hall
02:05 Ancient of War
02:22 Moon Well
02:40 Ancient of Wonders
03:35 Moon Well
07:48 Tree of Ages
07:48 Tree of Ages
10:29 Tree of Eternity
10:29 Tree of Eternity
10:31 Ancient of Lore
10:31 Ancient of Lore
10:36 Moon Well
10:42 Ancient of Lore
10:45 Moon Well
» items
| Dust of Appearance | 1 | |
| Moonstone | 1 | |
| Healing Salve | 1 | |
| Scroll of Town Portal | 1 | |
| Scroll of Speed | 1 | |
| Potion of Healing | 1 | |
6 total

»
canli (
red | 167 APM | 2321 actions | 13:53)
3 Blademaster
2 Wind Walk
1 Critical Strike
3 Shadow Hunter
1 Hex
2 Healing Wave
» actions
| Assign group hotkey | 39 | |
| Basic commands | 56 | |
| Build / train | 48 | |
| ESC pressed | 1 | |
| Enter build submenu | 17 | |
| Enter hero's abilities submenu | 7 | |
| Give item / drop item | 2 | |
| Right click | 967 | |
| Select / deselect | 287 | |
| Select group hotkey | 806 | |
| Use ability | 91 | |
2321 total
» units
| Peon | 15 | |
| Grunt | 4 | |
| Raider | 3 | |
| Kodo Beast | 1 | |
| Wind Rider | 1 | |
| Demolisher | 1 | |
25 total
» upgrades
» buildings
| Altar of Storms | 1 | |
| Orc Burrow | 9 | |
| Barracks | 1 | |
| Voodoo Lounge | 1 | |
| Stronghold | 3 | |
| War Mill | 1 | |
| Beastiary | 3 | |
19 total
» build order
00:06 Altar of Storms
00:25 Orc Burrow
00:40 Barracks
01:27 Voodoo Lounge
01:53 Orc Burrow
03:27 Stronghold
03:28 Stronghold
03:45 Orc Burrow
05:48 War Mill
05:58 Beastiary
06:00 Orc Burrow
06:01 Orc Burrow
06:02 Beastiary
06:06 Beastiary
07:29 Orc Burrow
10:05 Orc Burrow
10:06 Orc Burrow
12:08 Orc Burrow
» items
| Healing Salve | 3 | |
| Lesser Clarity Potion | 3 | |
| Scroll of Speed | 1 | |
| Potion of Healing | 1 | |
8 total
Chat log
(09:53 / Allies) canli: b
(11:40 / Allies) ByeBye.FcukBnet: bm
(12:13 / All) ByeBye.FcukBnet: xD
(13:04 / All) flameseecer: well i cant win 2v1 my ally is retard